 Dungeon Crawl Stone Soup version 0.20-a0-820-g557356e (webtiles) character file.

192 GreetingsTrabeler the Slasher (level 5, -26/41 HPs)
             Began as a Mummy Monk on Mar 4, 2017.
             Killed from afar by an efreet (37 damage)
             ... with a bolt of fire
             ... on level 1 of the Abyss.
             The game lasted 00:12:23 (4324 turns).

GreetingsTrabeler the Slasher (Mummy Monk)          Turns: 4324, Time: 00:12:25

Health: -26/41     AC:  7    Str: 14    XL:     5   Next: 42%
Magic:  5/5        EV: 12    Int:  9    God:
Gold:   41         SH:  0    Dex: 16    Spells: 4/4 levels left

rFire    x . .     SeeInvis .   a - +0 falchion
rCold    + . .     Gourm    .   i - +0 leather armour
rNeg     + + +     Faith    .   (no shield)
rPois    ∞         Spirit   .   (no helmet)
rElec    .         Reflect  .   f - +2 cloak
rCorr    .         Harm     .   l - +0 pair of gloves
MR       .....                  (no boots)
Stlth    ++........             (no amulet)
Regen    0.2/turn               (no ring)
MPRegen  0.1/turn               (no ring)

@: no status effects
A: no food or potions, fire vulnerability, cold resistance 1, negative energy
resistance 3, torment resistance, unbreathing
a: no special abilities


You were on level 1 of the Abyss.
You were not hungry.

You visited 1 branch of the dungeon, and saw 3 of its levels.
You visited the Abyss 1 time.

You collected 41 gold pieces.

Inventory:

Hand Weapons
 a - a +0 falchion (weapon)
Missiles
 e - 6 tomahawks of returning (quivered)
Armour
 f - a +2 cloak (worn)
 i - a +0 leather armour (worn)
 l - a +0 pair of gloves (worn)
Jewellery
 h - an uncursed ring of teleportation
Scrolls
 d - 2 scrolls of blinking
 g - 3 scrolls of identify
 j - a scroll of remove curse
 k - 2 scrolls of immolation {unknown}


   Skills:
 - Level 3.0 Fighting
 + Level 5.1 Long Blades
 - Level 2.4 Dodging
 - Level 1.5 Stealth


You had 4 spell levels left.
You didn't know any spells.

Dungeon Overview and Level Annotations

Branches:
Dungeon (3/15)

Altars:
Fedhas
Nemelex Xobeh
Sif Muna
The Shining One

Annotations:
D:3 Yehuk's ghost, amateur OgCK


Innate Abilities, Weirdness & Mutations

You do not eat or drink.
Your flesh is vulnerable to fire.
You are immune to poison.
Your flesh is cold resistant. (rC+)
You are immune to negative energy. (rN+++)
You are immune to unholy pain and torment.
You can survive without breathing.


Message History

You feel strangely unstable.
You feel the power of the Abyss delaying your translocation!
The small abomination hits you.
* * * LOW HITPOINT WARNING * * *
The small abomination hits you!
* * * LOW HITPOINT WARNING * * *
Unknown command.
You are suddenly pulled into a different region of the Abyss!
Found a short sword.
An efreet comes into view. It is wielding a scimitar of flaming.
A tentacled starspawn comes into view.
Tentacles burst from the starspawn's body! 2 starspawn tentacles come into view.
A flying skull comes into view.
A chaos spawn comes into view.
A raiju comes into view.
The efreet gestures at you. The bolt of fire hits you!
The fire burns you terribly!
Ouch! That really hurt!
You die...

#.###. .. ... ...#h
...###...###.. 4...
....#.....#.. #...
#......... ... ...
.#........ . #
#..####...........
....##.#.#....#.....#..
.......@.#...### ..###
.
..#..#..#..#..#.....#..
# #....##........ ..
#.#..###....... ....
#.##...#............ ..
.#R..R.#.....#. . #.
.##.§ § ##. .###.)
.###......§#.... .
..w......§.........


You could see an efreet and a chaos spawn (wandering).

Vanquished Creatures
  A bullfrog (D:3)
  Jessica (D:2)
  2 gnolls
  2 adders (D:2)
  A worm (D:2)
  2 leopard geckos
  4 orcs
  A ball python (D:3)
  6 bats
  A giant cockroach (D:2)
  11 hobgoblins
  5 jackals
  4 frilled lizards (D:2)
  6 goblins
  3 kobolds
  12 rats
62 creatures vanquished.

Vanquished Creatures (others)
  2 starspawn tentacles (Abyss:1)
2 creatures vanquished.

Grand Total: 64 creatures vanquished

Notes
Turn   | Place    | Note
-------+----------+-------------------------------------------
     0 | D:1      | GreetingsTrabeler the Mummy Monk began the quest for the Orb.
     0 | D:1      | Reached XP level 1. HP: 18/18 MP: 1/1
   307 | D:1      | Reached XP level 2. HP: 24/24 MP: 2/2
   595 | D:1      | Reached skill level 3 in Long Blades
  1461 | D:2      | Found a sparkling altar of Nemelex Xobeh.
  1667 | D:2      | Found a deep blue altar of Sif Muna.
  1695 | D:2      | Reached XP level 3. HP: 29/29 MP: 3/3
  1749 | D:2      | Noticed Jessica
  1755 | D:2      | Killed Jessica
  1755 | D:2      | Reached skill level 4 in Long Blades
  1798 | D:2      | Reached XP level 4. HP: 35/35 MP: 4/4
  2866 | D:2      | Found a glowing golden altar of the Shining One.
  3419 | D:3      | Found a blossoming altar of Fedhas.
  3422 | D:3      | Noticed Yehuk's ghost (amateur OgCK)
  4007 | D:3      | Noticed a bullfrog
  4018 | D:3      | Killed a bullfrog
  4018 | D:3      | Reached skill level 5 in Long Blades
  4018 | D:3      | Reached XP level 5. HP: 20/41 MP: 5/5
  4181 | D:3      | Cast into level 1 of the Abyss (Yehuk's ghost)
  4242 | Abyss:1  | Noticed a small abomination
  4250 | Abyss:1  | Noticed a large abomination
  4258 | Abyss:1  | Noticed a large abomination
  4262 | Abyss:1  | Noticed a raiju
  4264 | Abyss:1  | Noticed a small abomination
  4273 | Abyss:1  | Noticed a small abomination
  4310 | Abyss:1  | Noticed an efreet
  4315 | Abyss:1  | Noticed a tentacled starspawn
  4319 | Abyss:1  | Noticed a flying skull
  4322 | Abyss:1  | Noticed a chaos spawn
  4324 | Abyss:1  | Noticed a raiju
  4324 | Abyss:1  | Killed from afar by an efreet

Vault maps used:
D:1:      dpeg_arrival_line_fractal
D:2:      overflow_temple_1_default, tso_metal_star,
          nemelex_xobeh_ov_fountains_minmay, minmay_rat_gold_closets,
          uniq_jessica
D:3:      grunt_temple_overflow_forces_of_nature, serial_curves, eino_curves_04,
          eino_curves_02, minmay_statues_item
Abyss:1:  hangedman_abyss_stitches_cave

Skill      XL: |  1  2  3  4 |
---------------+-------------+-----
Long Blades    | 3 4 5 |  5.1
Fighting       | |  3.0
Dodging        | |  2.4
Stealth        | |  1.5

Action                   |  1- 3 |  4- 6 || total
-------------------------+-------+-------++-------
Melee: Falchion          |    67 |   121 ||   188
Throw: Tomahawk          |       |     6 ||     6
  Use: Scroll            |     5 |     2 ||     7
 Stab: Sleeping          |     5 |     2 ||     7
       Distracted        |       |     1 ||     1
Armor: Robe              |    10 |       ||    10
       Leather armour    |     3 |    50 ||    53
Dodge: Dodged            |    56 |   101 ||   157
       Rpst.: Falchion   |    26 |    21 ||    47
